 Dungeon Crawl Stone Soup version 0.27-a0-488-g88baaf19db (webtiles) character file.

Game seed: 5450607766255756750

287 Klosterheim the Slasher (level 6, -1/46 HPs)
             Began as a Demonspawn Artificer on Mar 2, 2021.
             Killed from afar by an orc wizard (4 damage)
             ... with a puff of flame
             ... on level 3 of the Dungeon.
             The game lasted 00:06:44 (4626 turns).

Klosterheim the Slasher (Demonspawn Artificer)      Turns: 4626, Time: 00:06:45

Health: -1/46      AC: 10    Str: 13    XL:     6   Next: 8%
Magic:  6/6        EV: 11    Int: 14    God:
Gold:   116        SH:  0    Dex: 13    Spells: 5/5 levels left

rFire    . . .     SeeInvis .   s - +2 dagger (venom)
rCold    . . .     Faith    .   (no shield)
rNeg     . . .     Spirit   .   b - +0 leather armour
rPois    .         Reflect  .   g - +1 helmet
rElec    .         Harm     .   (no cloak)
rCorr    .         Rampage  .   (no gloves)
Will     .....                  h - +0 pair of boots
Stlth    +.........             (no amulet)
HPRegen  0.15/turn              i - +4 ring of protection
MPRegen  0.10/turn              (no ring)

@: no status effects
A: talons 1, demonic magic 1
a: no special abilities


You were on level 3 of the Dungeon.
You visited 1 branch of the dungeon, and saw 3 of its levels.

You collected 116 gold pieces.

Inventory:

Hand Weapons
 a - a +0 club
 p - a +0 falchion
 s - a +2 dagger of venom (weapon)
Armour
 b - a +0 leather armour (worn)
 g - a +1 helmet (worn)
 h - a +0 pair of boots (worn)
 n - a +0 scale mail
Jewellery
 i - a +4 ring of protection (left hand)
 r - a +4 ring of protection
Wands
 c - a wand of flame (4) (quivered)
 d - a wand of charming (15)
 e - a wand of random effects (15)
Scrolls
 f - 2 scrolls of amnesia {unknown}
 j - 2 scrolls of fear {unknown}
 l - 2 scrolls of fog {unknown}
 m - a scroll of magic mapping {unknown}
 o - 2 scrolls of blinking {unknown}
 q - a scroll of teleportation {unknown}
Potions
 k - a potion of haste {unknown}


   Skills:
 + Level 2.7 Fighting
 - Level 0.2(2.1) Short Blades
 - Level 3.5 Long Blades
 - Level 2.7 Maces & Flails
 - Level 2.0 Armour
 - Level 1.0 Dodging
 - Level 1.0 Stealth
 + Level 3.0 Evocations


You had 5 spell levels left.
You didn't know any spells.
Your spell library contained the following spells:

 Spells                   Type           Power        Failure   Level
 Confusing Touch          Hex            0%           73%         3
 Gell's Gravitas          Tloc           0%           73%         3
 Petrify                  Tmut/Erth      0%           98%         4
 Metabolic Englaciation   Hex/Ice        0%           100%        5
 Yara's Violent Unravell  Hex/Tmut       0%           100%        5


Dungeon Overview and Level Annotations

Branches:
Dungeon (3/15)

Altars:
Qazlal
Wu Jian

Annotations:
D:3 1 runed translucent door, Crazy Yiuf


Innate Abilities, Weirdness & Mutations

You have sharp toenails.
Spells you cast may paralyse adjacent enemies.


Message History

You are confused.
The orc barely misses you. x2; Something hits you.
An orc wizard appears from thin air!
Reactivating autopickup.
The orc barely misses you. The orc hits you with a +0 falchion.
The orc wizard hits you but does no damage.
The orc hits you but does no damage.
The orc wizard hits you but does no damage.
The orc barely misses you. The orc misses you.
The orc wizard points at you and mumbles some strange words.
You resist with some effort. The orc closely misses you.
The orc hits you but does no damage.
The orc wizard hits you but does no damage.
You feel less confused. The orc completely misses you.
The orc hits you but does no damage.
The orc wizard hits you with a +0 dagger.
The orc hits you with a +0 falchion. The orc closely misses you.
The orc wizard casts a spell at you. You resist with some effort.
The orc hits you but does no damage. x2
The orc wizard hits you but does no damage.
The orc barely misses you. The orc hits you with a +0 hand axe.
* * * LOW HITPOINT WARNING * * *
The orc wizard barely misses you. The orc closely misses you.
The orc wizard hits you with a +0 dagger.
* * * LOW HITPOINT WARNING * * *
The orc hits you with a +0 hand axe.
* * * LOW HITPOINT WARNING * * *
The orc hits you but does no damage.
The orc wizard hits you but does no damage.
The orc hits you but does no damage. The orc hits you with a +0 falchion.
* * * LOW HITPOINT WARNING * * *
The orc wizard barely misses you. The orc hits you but does no damage.
The orc wizard barely misses you. The orc barely misses you.
The orc closely misses you.
The orc wizard gestures at you while chanting.
The puff of flame hits you.
You die...

# $.... #... ....
... ..# #
#.####.##.#
#....ooo..# #@# #.#
######.# #......#
#.####.# ######
####.###....
.....###.)....#..###
.###..##)##.#......
## ##.##.##.###....


You could see an orc wizard and 2 orcs.

Vanquished Creatures
  Sigmund (D:3)
  Robin (D:2)
  A gnoll (D:1)
  An adder (D:3)
  2 worms
  2 dart slugs
  2 leopard geckos
  3 orcs (D:3)
  3 giant cockroaches
  18 goblins
  9 hobgoblins
  2 jackals (D:2)
  2 quokkas (D:3)
  10 bats
  4 frilled lizards
  13 kobolds
  7 rats
81 creatures vanquished.

Notes
Turn   | Place    | Note
-------+----------+-------------------------------------------
     0 | D:1      | Klosterheim the Demonspawn Artificer began the quest for
                  | the Orb.
     0 | D:1      | Reached XP level 1. HP: 15/15 MP: 1/1
   167 | D:1      | Reached skill level 1 in Stealth
   412 | D:1      | Reached skill level 1 in Dodging
   582 | D:1      | Gained mutation: Spells you cast may paralyse adjacent
                  | enemies. [demonic ancestry]
   582 | D:1      | Reached XP level 2. HP: 14/21 MP: 2/2
   703 | D:1      | Reached skill level 1 in Maces & Flails
  1298 | D:1      | Reached XP level 3. HP: 26/26 MP: 3/3
  2396 | D:2      | Found an ornate altar of the Wu Jian Council.
  2680 | D:2      | Found a stormy altar of Qazlal.
  3079 | D:2      | Noticed Robin
  3099 | D:2      | Reached XP level 4. HP: 30/33 MP: 4/4
  3258 | D:2      | Killed Robin
  3259 | D:2      | Reached skill level 1 in Long Blades
  4254 | D:3      | Found a runed translucent door.
  4255 | D:3      | Noticed Crazy Yiuf
  4550 | D:3      | Noticed Sigmund
  4557 | D:3      | Killed Sigmund
  4558 | D:3      | Gained mutation: You have sharp toenails. [demonic
                  | ancestry]
  4558 | D:3      | Reached XP level 5. HP: 39/39 MP: 5/5
  4558 | D:3      | Reached XP level 6. HP: 46/46 MP: 6/6
  4626 | D:3      | Killed from afar by an orc wizard

Illustrated notes

Levels and vault maps discovered:
D:1:      dpeg_arrival_subterranean_lakeside_camping, layout_loops_corners
D:2:      layout_basic, lemuel_coloured_pillars_altar, st_stairs_8,
          lemuel_altar_in_water2, uniq_robin
D:3:      layout_loops_corners, chequers_ecumenical_altar_island, st_stairs_7,
          nemelex_dance_club_becter, uniq_sigmund, uniq_crazy_yiuf_cottage

Skill      XL: |  1  2  3  4 |
---------------+-------------+-----
Stealth        | 1 |  1.0
Armour         | 2 |  2.0
Dodging        | 1 |  1.0
Maces & Flails | 1 2 |  2.7
Fighting       | 2 |  2.7
Long Blades    | 3 |  3.5
Short Blades   | |  0.2
Evocations     | |  3.0

Action                   |  1- 3 |  4- 6 || total
-------------------------+-------+-------++-------
Melee: Club              |   204 |       ||   204
       Falchion          |    52 |    96 ||   148
       Dagger            |       |    11 ||    11
Evoke: Wand              |     4 |     7 ||    11
  Use: Potion            |       |     1 ||     1
 Stab: Sleeping          |     4 |     1 ||     5
Armor: Leather armour    |   183 |    91 ||   274
Dodge: Dodged            |   241 |   117 ||   358
       Rpst.: Falchion   |    12 |    23 ||    35

Table legend: (Time is in decaauts)
 A = Elapsed time spent in this place.
 B = Non-inter-level travel time spent in this place.
 C = Inter-level travel time spent in this place.
 D = Time resting spent in this place.
 E = Time spent auto-exploring this place.
 F = Levels seen in this place.
 G = Mean time per level.
                   A        B        C        D        E       F      G
               +--------+--------+--------+--------+--------+-----+--------+
         Total |   4719 |   4586 |    133 |   1103 |   2610 |   3 | 1573.0 |
       Dungeon |   4719 |   4586 |    133 |   1103 |   2610 |   3 | 1573.0 |
               +--------+--------+--------+--------+--------+-----+--------+

Top non-repeatable levels by time:
     D:2: 2113 daAuts
     D:1: 2107 daAuts
     D:3: 498 daAuts
